AoeStats
← EmirBagtas

African Clearing

510376234Analyzed
4v4 RM · 18h ago on Sep 30, 2026· 56m 30s· 8 players
Game mode
Random Map
Map size
Large (8 player)
Population
200
Speed
Normal
Resources
Standard
Victory
Conquest
Starting age
Dark Age
Ending age
Imperial Age
RankedLock teamsTeams togetherTeam positionsShared explorationLock speedFull tech treeHidden civsTurbo modeCheats
Victory
Defeat
🇧🇷 Cumans · Brazil
781
+13
🇨🇦 Lithuanians · Canada
765
+14
🇨🇱 Romans · Chile
724
+15
🇹🇷 Huns · Türkiye
668
+19
🇹🇷 Malians · Türkiye
758
-17
🇹🇷 Burgundians · Türkiye
736
-16
🇹🇷 Franks · Türkiye
686
-35
🇹🇷 Turks · Türkiye
677
-14
DeVinci_Qc
5:28 Loom
14:45 Feudal Age
15:14 Double-Bit Axe
16:03 Horse Collar
19:16 Man-at-Arms
23:28 Wheelbarrow
23:36 Stone Mining
28:37 Castle Age
27:28 Gold Mining
29:39 Hand Cart
30:32 Stone Shaft Mining
31:13 Heavy Plow
31:25 Bow Saw
32:07 Fortified Wall
33:58 Masonry
42:07 Imperial Age
39:33 Town Watch
41:48 Town Patrol
43:54 Conscription
44:14 Forging
44:04 Scale Mail Armor
44:09 Scale Barding Armor
43:36 Elite Leitis
45:12 Tower Shields
45:41 Caravan
46:11 Coinage
47:43 Crop Rotation
48:15 Two-Man Saw
48:13 Hill Forts
49:52 Iron Casting
49:33 Chain Mail Armor
51:41 Chain Barding Armor
53:05 Coinage
52:46 Guilds
52:24 Capped Ram
55:42 Banking
55:53 Plate Barding Armor
56:00 Hoardings
Butch
6:40 Loom
14:45 Feudal Age
15:59 Double-Bit Axe
15:55 Horse Collar
21:44 Castle Age
22:01 Wheelbarrow
24:56 Hand Cart
25:19 Caravan
25:23 Gold Mining
25:27 Stone Mining
25:52 Bow Saw
25:45 Heavy Plow
31:15 Gold Shaft Mining
30:27 Man-at-Arms
32:29 Long Swordsman
38:15 Forging
38:05 Scale Mail Armor
41:08 Imperial Age
42:01 Legionary
43:04 Conscription
43:05 Comitatenses
45:25 Ballistas
46:03 Crop Rotation
47:39 Heavy Scorpion
47:42 Capped Ram
49:02 Iron Casting
48:42 Chain Mail Armor
50:31 Siege Ram
52:25 Blast Furnace
51:31 Scale Barding Armor
54:32 Chemistry
53:52 Ballistics
53:39 Siege Engineers
56:48 Town Watch
acetiner
11:12 Loom
27:41 Feudal Age
30:45 Horse Collar
30:55 Double-Bit Axe
31:03 Stone Mining
31:05 Gold Mining
37:32 Castle Age
39:57 Wheelbarrow
41:50 Gold Shaft Mining
41:17 Heavy Plow
41:35 Hand Cart
48:41 Fletching
48:53 Scale Mail Armor
50:51 Masonry
50:41 Murder Holes
50:57 Masonry
51:08 Ballistics
51:46 Marauders
53:14 Bloodlines
53:05 Husbandry
53:47 Bodkin Arrow
DarthMirous
12:37 Feudal Age
14:29 Double-Bit Axe
17:24 Fletching
19:56 Horse Collar
21:20 Gold Mining
29:10 Castle Age
28:25 Stone Mining
29:13 Forging
31:07 Scale Barding Armor
31:30 Bloodlines
32:52 Bow Saw
33:27 Gold Shaft Mining
34:49 Chain Barding Armor
36:49 Iron Casting
36:40 Heavy Plow
41:59 Imperial Age
42:44 Elite Steppe Lancer
44:31 Blast Furnace
44:07 Plate Barding Armor
43:38 Cavalier
44:57 Conscription
44:38 Steppe Husbandry
45:47 Bodkin Arrow
48:40 Light Cavalry
51:49 Hussar
55:38 Spies/Treason
Aytuk23
17:05 Feudal Age
Uzgun
15:39 Feudal Age
17:42 Horse Collar
18:16 Double-Bit Axe
31:28 Castle Age
30:20 Scale Barding Armor
30:26 Forging
32:32 Bloodlines
32:01 Man-at-Arms
32:47 Scale Mail Armor
34:24 Wheelbarrow
37:30 Iron Casting
37:16 Chain Barding Armor
37:59 Husbandry
44:19 Ballistics
45:08 Hand Cart
46:44 Squires
OnPlayerExitVehicle v2
17:48 Feudal Age
18:53 Gold Mining
20:51 Double-Bit Axe
29:26 Castle Age
28:33 Stone Mining
30:08 Husbandry
31:41 Bow Saw
35:01 Scale Barding Armor
35:07 Forging
38:17 Gold Shaft Mining
41:00 Chain Barding Armor
45:39 Caravan
51:26 Iron Casting
53:36 Imperial Age
EmirBagtas
15:29 Feudal Age
16:03 Double-Bit Axe
15:55 Man-at-Arms
17:55 Horse Collar
22:55 Bloodlines
26:02 Castle Age
24:13 Stone Mining
24:24 Gold Mining
27:38 Bow Saw
28:35 Stone Mining
29:20 Gold Shaft Mining
32:45 Fletching
32:55 Padded Archer Armor
34:42 Pikeman
37:41 Ballistics
37:59 Scale Mail Armor
37:58 Bodkin Arrow
38:18 Leather Archer Armor
38:50 Squires
43:12 Imperial Age
44:14 Heavy Plow
46:05 Conscription
45:19 Heavy Camel Rider
46:00 Husbandry
47:18 Guilds
48:42 Stone Shaft Mining
47:49 Elite Gbeto
Connection lost

Rejoining the realm…

Still unreachable

The connection could not be restored.

Session expired

The server has moved on; the page needs a fresh start.